 Dungeon Crawl Stone Soup version 0.21-a0-509-gecc5317 (webtiles) character file.

106 tof the Slasher (level 4, -1/36 HPs)
             Began as a Demonspawn Monk on Nov 30, 2017.
             Was a Believer of Cheibriados.
             Slain by an ice beast (12 damage)
             ... on level 4 of the Dungeon.
             The game lasted 00:03:26 (3318 turns).

tof the Slasher (Demonspawn Monk)                   Turns: 3318, Time: 00:03:27

Health: -1/36      AC:  8    Str: 17    XL:     4   Next: 55%
Magic:  2/4        EV: 13    Int: 16    God:    Cheibriados [**....]
Gold:   115        SH:  0    Dex: 21    Spells: 3/3 levels left

rFire    . . .     SeeInvis .   a - +0 falchion
rCold    . . .     Gourm    .   (no shield)
rNeg     . . .     Faith    .   e - +0 ring mail
rPois    .         Spirit   .   (no helmet)
rElec    .         Reflect  .   (no cloak)
rCorr    .         Harm     .   (no gloves)
MR       +....                  k - +2 pair of boots
Stlth    ++........             n - amulet of inaccuracy (curse)
HPRegen  0.12/turn              q - ring of protection from magic
MPRegen  0.09/turn              (no ring)

@: very slow
A: claws 1
a: Bend Time, Renounce Religion


You were on level 4 of the Dungeon.
You worshipped Cheibriados.
Cheibriados was pleased with you.
You were not hungry.

You visited 1 branch of the dungeon, and saw 4 of its levels.

You collected 115 gold pieces.

Inventory:

Hand Weapons
 a - a +0 falchion (weapon)
Missiles
 o - 3 tomahawks (quivered)
Armour
 b - a +0 robe
 e - a +0 ring mail (worn)
 k - a +2 pair of boots (worn)
Jewellery
 n - a cursed amulet of inaccuracy (around neck)
 q - a ring of protection from magic (left claw)
Scrolls
 d - a scroll of magic mapping {unknown}
 g - 2 scrolls of noise {unknown}
 p - a scroll of identify {unknown}
 r - a scroll of fear {unknown}
 s - a scroll of fog {unknown}
 u - a scroll of blinking {unknown}
 v - a scroll of remove curse {unknown}
 w - a scroll of random uselessness {unknown}
 x - 2 scrolls of enchant armour {unknown}
Potions
 f - a potion of brilliance {unknown}
 h - a potion of invisibility {unknown}
 i - 3 potions of might {unknown}
 j - a potion of mutation {unknown}
 l - a potion of flight {unknown}
 z - a potion of resistance {unknown}
Comestibles
 c - 2 bread rations
 m - 2 royal jellies
 t - 3 meat rations
 A - a chunk of flesh


   Skills:
 + Level 3.6 Fighting
 * Level 3.7 Long Blades
 + Level 1.3 Armour
 + Level 3.2 Dodging
 - Level 1.7 Stealth


You had 3 spell levels left.
You didn't know any spells.

Dungeon Overview and Level Annotations

Branches:
Dungeon (4/15)
 Temple: D:4-7

Altars:
Cheibriados
Elyvilon
Gozag
Hepliaklqana
Kikubaaqudgha
Yredelemnul
Zin


Innate Abilities, Weirdness & Mutations

You have sharp fingernails.


Message History

The ice beast misses you.
You hit the ice beast.
The ice beast is heavily wounded.
The ice beast barely misses you.
You closely miss the ice beast.
The ice beast is heavily wounded.
The ice beast barely misses you.
You hit the ice beast.
The ice beast is heavily wounded.
The ice beast hits you. The ice beast freezes you!
You hit the ice beast.
The ice beast is severely wounded.
The ice beast hits you. The ice beast freezes you!
You hit the ice beast but do no damage.
The ice beast is severely wounded.
The ice beast hits you but does no damage.
You hit the ice beast.
The ice beast is almost dead.
The ice beast hits you. The ice beast freezes you!
You die...

##.#.###### ##...#
###.# ###.### #.....#
###.###.### ..# ...
#...#
.....#########.###.#.#
#......Y@..#.....#.#
.......#####.###.###.#
.###.#.#####.###.# .#
# ............# .#
Y#.########### .# #.#.
.# # #. ..


You could see an ice beast.

Vanquished Creatures
  A worker ant (D:4)
  An adder (D:2)
  2 oozes
  2 worms (D:3)
  2 dart slugs (D:1)
  4 leopard geckos
  2 giant cockroaches
  2 gnoll zombies (D:3)
  4 goblins
  4 hobgoblins
  7 jackals (D:2)
  6 kobolds
  8 bats
  3 frilled lizards
  2 rats
50 creatures vanquished.

Vanquished Creatures (others)
  A giant cockroach (D:2)
  A hobgoblin (D:2)
2 creatures vanquished.

Grand Total: 52 creatures vanquished

Notes
Turn   | Place    | Note
-------+----------+-------------------------------------------
     0 | D:1      | tof the Demonspawn Monk began the quest for the Orb.
     0 | D:1      | Reached XP level 1. HP: 18/18 MP: 1/1
   288 | D:1      | Gained mutation: You have sharp fingernails. [demonic ancestry]
   288 | D:1      | Reached XP level 2. HP: 8/24 MP: 2/2
   994 | D:2      | Reached XP level 3. HP: 29/29 MP: 3/3
  1180 | D:2      | Reached skill level 1 in Armour
  1257 | D:2      | Found a faded altar of an unknown god.
  1257 | D:2      | Found an ancient bone altar of Kikubaaqudgha.
  1266 | D:2      | Found a snail-covered altar of Cheibriados.
  1269 | D:2      | Found a glowing silver altar of Zin.
  1271 | D:2      | Found a hazy altar of Hepliaklqana.
  1292 | D:2      | Became a worshipper of Cheibriados the Contemplative
  1292 | D:2      | Reached * piety under Cheibriados
  1292 | D:2      | Reached ** piety under Cheibriados
  1597 | D:2      | Found a white marble altar of Elyvilon.
  2430 | D:3      | Found an opulent altar of Gozag.
  2481 | D:3      | Reached XP level 4. HP: 32/35 MP: 4/4
  2911 | D:3      | Found a basalt altar of Yredelemnul.
  3292 | D:4      | Noticed an ice beast
  3318 | D:4      | Slain by an ice beast

Vault maps used:
D:1:      lemuel_arrival_lava_pool, hangedman_decor_growths
D:2:      chequers_temple_overflow_minitemple, elyvilon_altar_5,
          lemuel_flame_loot_1
D:3:      lemuel_zombie_altar_yredelemnul, grunt_gozag_breadcrumbs

Skill      XL: |  1  2  3 |
---------------+----------+-----
Long Blades    | 3 |  3.7
Dodging        | 3 |  3.2
Armour         | 1 |  1.3
Fighting       | |  3.6
Stealth        | |  1.7

Action                   |  1- 3 |  4- 6 || total
-------------------------+-------+-------++-------
Melee: Falchion          |   126 |    58 ||   184
Throw: Tomahawk          |     2 |     7 ||     9
Invok: Bend Time         |       |     1 ||     1
 Stab: Sleeping          |     4 |       ||     4
  Eat: Chunk             |     3 |     1 ||     4
Armor: Ring mail         |    65 |    18 ||    83
Dodge: Dodged            |   122 |    39 ||   161
       Rpst.: Falchion   |    36 |    12 ||    48

Table legend:
 A = Spawn XP
 B = Non-spawn XP
 C = Spawn XP percentage of total XP
 D = Spawn monster count
 E = Non-spawn monster count
 F = Spawn count percentage of total count
 G = Total turns spent on level
                    A         B        C        D         E        F      G
               +---------+---------+-------+---------+---------+-------+---------
         Total |       0 |     152 |   0.0 |       0 |      50 |   0.0 |  3318
               +---------+---------+-------+---------+---------+-------+---------
           D:1 |       0 |      39 |   0.0 |       0 |      16 |   0.0 |   982
           D:2 |       0 |      46 |   0.0 |       0 |      19 |   0.0 |  1248
           D:3 |       0 |      35 |   0.0 |       0 |      14 |   0.0 |  1010
           D:4 |       0 |      32 |   0.0 |       0 |       1 |   0.0 |    78
               +---------+---------+-------+---------+---------+-------+---------
